 Dungeon Crawl Stone Soup version 0.19.4-10-g532645f (console) character file.

2951 Grinner the Grappler (level 9, -2/80 HPs)
             Began as a Troll Monk on Feb 23, 2017.
             Slain by a hornet (7 damage)
             ... on level 7 of the Dungeon.
             The game lasted 00:11:54 (5579 turns).

Grinner the Grappler (Troll Monk)                   Turns: 5579, Time: 00:11:55

Health: -2/80      AC:  7    Str: 26    XL:     9   Next: 51%
Magic:  13/13      EV: 11    Int:  6    God:
Gold:   288        SH:  0    Dex: 15    Spells: 0 memorised, 8 levels left

rFire  . . .     SeeInvis +       - Unarmed
rCold  . . .     Gourm    +     a - +0 robe
rNeg   . . .     Faith    .     (no shield)
rPois  +         Spirit   .     (helmet restricted)
rElec  .         Reflect  .     t - +1 cloak {+Inv}
rCorr  .         Harm     .     (gloves unavailable)
MR     .....                    (boots unavailable)
Stlth  ++........               (no amulet)
                                o - ring of poison resistance
                                f - ring of see invisible

@: mighty, lethally poisoned (-2 -> -4), drained
A: unfitting armour, claws 3, fast metabolism 3, gourmand, regeneration 1,
shaggy fur 1, tough skin 2
a: Evoke Invisibility


You were on level 7 of the Dungeon.
You were not hungry.

You visited 1 branch of the dungeon, and saw 7 of its levels.

You collected 344 gold pieces.
You spent 56 gold pieces at shops.

Inventory:

Armour
 a - a +0 robe (worn)
 t - a +1 cloak of invisibility (worn)
Jewellery
 c - an uncursed ring of positive energy
 f - a ring of see invisible (left claw)
 o - a ring of poison resistance (right claw)
Wands
 B - a wand of polymorph (20/24)
Scrolls
 h - 4 scrolls of identify {unknown}
 j - a scroll of immolation
 s - a scroll of magic mapping {unknown}
 w - 4 scrolls of remove curse
 y - 2 scrolls of blinking {unknown}
 A - a scroll of fog
 D - a scroll of amnesia {unknown}
 E - a scroll of random uselessness {unknown}
 F - a scroll of recharging
 G - a scroll of summoning {unknown}
Potions
 d - 4 potions of flight
 e - 2 potions of ambrosia
 g - 2 potions of mutation {unknown}
 i - 3 potions of might
 l - a potion of invisibility {unknown}
 p - 2 potions of agility {unknown}
 u - 3 potions of curing {unknown}
 v - 3 potions of heal wounds {unknown}
 x - a potion of lignification {unknown}
 z - a potion of magic {unknown}
 C - 2 potions of brilliance {unknown}
Comestibles
 b - 5 bread rations
 m - 4 fruits
 n - a slice of pizza
 q - 2 royal jellies
 r - 3 beef jerkies


   Skills:
 - Level 2.4(1.8) Fighting
 - Level 3.1(2.5) Dodging
 - Level 1.0(0.4) Stealth
 + Level 8.5(7.8) Unarmed Combat
 * Level 7.9(7.2) Evocations


You had 8 spell levels left.
You didn't know any spells.

Dungeon Overview and Level Annotations

Branches:
Dungeon (7/15)             Temple (0/1) D:7

Altars:
Ashenzari
Cheibriados
Elyvilon
Fedhas
Hepliaklqana
Kikubaaqudgha
Makhleb
Nemelex Xobeh
Qazlal
Ru
The Shining One

Shops:
D:7 !


Innate Abilities, Weirdness & Mutations

You are too large for most types of armour.
You have claws for hands.
Your metabolism is lightning-fast.
You like to eat raw meat.
Your natural rate of healing is unusually fast.
You are covered in fur. (AC +1)
You have very tough skin. (AC +2)


Message History

You barely miss the hornet.
The hornet is lightly wounded.
You feel sick. The hornet stings you!
You feel as though you will be slow longer.
The hornet stings you.
You are more poisoned.
You suddenly lose the ability to move!
You feel sick. The hornet stings you. The hornet stings you!
* * * LOW HITPOINT WARNING * * *
You can move again.
Okay, then.
Okay, then.
You feel very mighty all of a sudden.
You feel yourself speed up.
You feel sick. The hornet stings you!
* * * LOW HITPOINT WARNING * * *
The hornet stings you but does no damage.
As you read the scroll labeled YTITHR IKIL, it crumbles to dust.
The scroll dissolves into smoke.
It was a scroll of fog.
You feel sick. The hornet stings you!
You die...

#...... #...... # #...(.. #
###### #...... # ######....##
##..... ## ##..........## #.....
.# #.§..........# ##.... .##
#.§§§§.......## #....
..###########..y@§.>......###....
#.............§§§§......÷......#.
#...............§§.............#.
#..####...####)..................
#.####....# #.........#######...
..###.....# ##.......## ####...
....#...### ###(...## ##..##.#
.......### ###.## ##....#.#
##.......### ### ##.......#


You could see a hornet.

Vanquished Creatures
  The ghost of dialectric the Basher, a novice OgFi (D:6)
  Eustachio (D:5)
  A hungry ghost (D:7)
  Menkaure (D:4)
  A water moccasin (D:6)
  An ice beast (D:6)
  4 ogres
  A centaur (D:4)
  3 elf zombies (D:4)
  A scorpion (D:4)
  3 wights (D:7)
  3 killer bees (D:7)
  A centaur zombie (D:6)
  2 crimson imps
  2 bullfrog zombies (D:6)
  Crazy Yiuf (D:2)
  3 orc priests
  2 hounds
  A bullfrog skeleton (D:6)
  A human skeleton (D:4)
  An iguana (D:6)
  5 orc wizards
  5 worker ants
  4 gnolls (D:6)
  8 adders
  2 oozes
  4 worms
  2 dart slugs (D:2)
  5 leopard geckos
  21 orcs
  9 bats
  6 giant cockroaches
  5 goblins
  4 hobgoblins
  12 jackals
  3 kobolds
  2 quokkas (D:7)
  A ball python (D:5)
  8 frilled lizards
  2 orc zombies (D:4)
  11 rats
154 creatures vanquished.

Notes
Turn   | Place    | Note
-------+----------+-------------------------------------------
     0 | D:1      | Grinner the Troll Monk began the quest for the Orb.
     0 | D:1      | Reached XP level 1. HP: 22/22 MP: 0/0
    65 | D:1      | Reached XP level 2. HP: 29/29 MP: 1/1
   353 | D:2      | Reached XP level 3. HP: 36/36 MP: 2/2
   442 | D:2      | Found a glowing golden altar of the Shining One.
   590 | D:2      | Found a runed door.
   632 | D:2      | Reached skill level 4 in Unarmed Combat
  1118 | D:2      | Noticed Crazy Yiuf
  1124 | D:2      | Killed Crazy Yiuf
  1124 | D:2      | Reached XP level 4. HP: 28/44 MP: 3/3
  1205 | D:3      | Found a white marble altar of Elyvilon.
  1207 | D:3      | Found an ancient bone altar of Kikubaaqudgha.
  1210 | D:3      | Found a hazy altar of Hepliaklqana.
  1317 | D:3      | Found a sacrificial altar of Ru.
  1317 | D:3      | Found a blossoming altar of Fedhas.
  1322 | D:3      | Found a shattered altar of Ashenzari.
  1324 | D:3      | Found a burning altar of Makhleb.
  1325 | D:3      | Found a snail-covered altar of Cheibriados.
  2117 | D:4      | Reached skill level 1 in Evocations
  2117 | D:4      | Reached XP level 5. HP: 50/50 MP: 3/5
  2130 | D:4      | Noticed Menkaure
  2140 | D:4      | Killed Menkaure
  2140 | D:4      | Reached skill level 5 in Unarmed Combat
  2140 | D:4      | Reached XP level 6. HP: 6/59 MP: 6/6
  2344 | D:4      | Found a stormy altar of Qazlal.
  2428 | D:4      | Found a sparkling altar of Nemelex Xobeh.
  2751 | D:4      | Reached XP level 7. HP: 53/66 MP: 8/8
  2775 | D:4      | Reached skill level 6 in Unarmed Combat
  3034 | D:5      | Entered Level 5 of the Dungeon
  3170 | D:5      | Noticed Eustachio
  3179 | D:5      | Killed Eustachio
  3354 | D:5      | Reached skill level 5 in Evocations
  3354 | D:5      | Reached XP level 8. HP: 55/74 MP: 7/10
  3752 | D:6      | Noticed dialectric's ghost (novice OgFi)
  3760 | D:6      | Reached skill level 7 in Unarmed Combat
  3773 | D:6      | Killed dialectric's ghost
  3781 | D:6      | Reached XP level 9. HP: 20/80 MP: 11/13
  4093 | D:6      | Reached skill level 8 in Unarmed Combat
  5311 | D:7      | Found Faor's Distillery.
  5314 | D:7      | Bought a potion of might for 56 gold pieces
  5503 | D:7      | Found a staircase to the Ecumenical Temple.
  5576 | D:7      | Paralysed by a hornet for 2 turns
  5579 | D:7      | Slain by a hornet

Skill      XL: |  1  2  3  4  5  6  7  8  9 |
---------------+----------------------------+-----
Unarmed Combat | 4 5 6 7 8 |  8.5
Dodging        | 3 |  3.1
Evocations     | 1 2 3 5 6 7 |  7.9
Fighting       | |  2.4
Stealth        | |  1.0

Action                   |  1- 3 |  4- 6 |  7- 9 || total
-------------------------+-------+-------+-------++-------
Melee: Unarmed           |    93 |   114 |   303 ||   510
       Punch             |     2 |     2 |    15 ||    19
 Abil: Evoke Invisibilit |       |       |     4 ||     4
  Use: Scroll            |       |     4 |     1 ||     5
       Potion            |       |       |     4 ||     4
 Stab: Sleeping          |     2 |     3 |     2 ||     7
       Invisible         |       |       |     4 ||     4
  Eat: Chunk             |    11 |    17 |    22 ||    50
       Meat ration       |       |       |     2 ||     2
Armor: Robe              |    31 |    26 |    94 ||   151
Dodge: Dodged            |    47 |    46 |   162 ||   255
